TOP OF THE 1ST |
Echo Park Lakers batting - Pitching for Quebec City Les Bleus : LHP Miguel López
|
Pitching: LHP Miguel López
|
|
Batting: RHB Guillermo Coss
|
0-0: Ball 1-0: Called Strike 1-1: Foul Ball, location: 2F 1-2: Strikes out looking
|
Batting: RHB Félix Romero
|
0-0: Ball 1-0: Called Strike 1-1: DOUBLE (Line Drive, 89D)
|
Batting: RHB Gabriel Maldonado
|
0-0: Ground out 5-3 (Groundball, 5)
|
Batting: RHB Xavier Pérez
|
0-0: Fly out, F7 (Line Drive, 7)
|
Top of the 1st over - 0 runs, 1 hit, 0 errors, 1 left on base; Echo Park 0 - Quebec City 0 |
BOTTOM OF THE 1ST |
Quebec City Les Bleus batting - Pitching for Echo Park Lakers : LHP Luis Díaz
|
Pitching: LHP Luis Díaz
|
|
Batting: RHB Tevin McTevin
|
0-0: Called Strike 0-1: Ball 1-1: Ball 2-1: Foul Ball, location: 2F 2-2: Foul Ball, location: 2F 2-2: Ball 3-2: Base on Balls
|
Batting: LHB Scott Janousek
|
0-0: Called Strike 0-1: Ball 1-1: Foul Ball, location: 2F 1-2: SINGLE (Groundball, 6MD) Tevin McTevin to second
|
Batting: RHB Kameron Guangorena
|
0-0: Ball 1-0: Fly out, F9 (Flyball, 89D) Runner from 2nd tags up, SAFE at 3rd, no throw
|
Batting: RHB Jack Bonner
|
0-0: Ball 1-0: Called Strike 1-1: Grounds into double play, 4-6-3 (Groundball, 4)
|
Bottom of the 1st over - 0 runs, 1 hit, 0 errors, 1 left on base; Echo Park 0 - Quebec City 0 |
TOP OF THE 2ND |
Echo Park Lakers batting - Pitching for Quebec City Les Bleus : LHP Miguel López
|
Batting: RHB Chris Harrell
|
0-0: Ball 1-0: Foul Ball, location: 2F 1-1: Ball 2-1: Ball 3-1: Foul Ball, location: 2F 3-2: Strikes out swinging
|
Batting: SHB Toby Sutton
|
0-0: Bunt missed! 0-1: Ground out 6-3 (Groundball, 6)
|
Batting: RHB Freddy Torres
|
0-0: Foul Ball, location: 2F 0-1: Foul Ball, location: 2F 0-2: Ball 1-2: Ball 2-2: Ball 3-2: Fly out, F7 (Flyball, 7LS)
|
Top of the 2nd over - 0 runs, 0 hits, 0 errors, 0 left on base; Echo Park 0 - Quebec City 0 |
BOTTOM OF THE 2ND |
Quebec City Les Bleus batting - Pitching for Echo Park Lakers : LHP Luis Díaz
|
Batting: LHB Jeff Simpson
|
0-0: Fly out, F4 (Line Drive, 34)
|
Batting: RHB Cam MacIntosh
|
0-0: Ball 1-0: Called Strike 1-1: Fly out, F8 (Flyball, 8LS)
|
Batting: LHB Palaie Gaoteote
|
0-0: Ball 1-0: Swinging Strike 1-1: Fly out, F9 (Line Drive, 9)
|
Bottom of the 2nd over - 0 runs, 0 hits, 0 errors, 0 left on base; Echo Park 0 - Quebec City 0 |
TOP OF THE 3RD |
Echo Park Lakers batting - Pitching for Quebec City Les Bleus : LHP Miguel López
|
Batting: SHB Rodolphe Nairn
|
0-0: Ball 1-0: Ball 2-0: Ground out 5-3 (Groundball, 56)
|
Batting: LHB Bartolo Sierra
|
0-0: Called Strike 0-1: Ball 1-1: Foul Ball, location: 2F 1-2: Foul Ball, location: 2F 1-2: Strikes out swinging
|
Batting: RHB Guillermo Coss
|
0-0: Ball 1-0: SOLO HOME RUN (Flyball, 9LD), Distance : 337 ft
|
Batting: RHB Félix Romero
|
0-0: Called Strike 0-1: Foul Ball, location: 2F 0-2: Strikes out looking
|
Top of the 3rd over - 1 run, 1 hit, 0 errors, 0 left on base; Echo Park 1 - Quebec City 0 |
BOTTOM OF THE 3RD |
Quebec City Les Bleus batting - Pitching for Echo Park Lakers : LHP Luis Díaz
|
Batting: RHB Reg Spiers
|
0-0: Ball 1-0: Ball 2-0: Called Strike 2-1: Ball 3-1: SOLO HOME RUN (Flyball, 7D), Distance : 349 ft
|
Batting: RHB Stan Pagnotta
|
0-0: Hit by Pitch
|
Batting: RHB Tevin McTevin
|
0-0: Called Strike 0-1: Ball 1-1: Called Strike 1-2: Strikes out swinging
|
Batting: LHB Scott Janousek
|
0-0: Ball 1-0: SINGLE (Groundball, 34) (infield hit) Stan Pagnotta to second
|
Batting: RHB Kameron Guangorena
|
0-0: Ball 1-0: Called Strike 1-1: Foul Ball, location: 2F 1-2: Foul Ball, location: 2F 1-2: Foul Ball, location: 2F 1-2: Fly out, F3 (Popup, 3SF)
|
Batting: RHB Jack Bonner
|
0-0: Ball 1-0: Ball 2-0: Foul Ball, location: 2F 2-1: Ball 3-1: Called Strike 3-2: Base on Balls Stan Pagnotta to third Scott Janousek to second
|
Batting: LHB Jeff Simpson
|
0-0: Ball 1-0: SINGLE (Groundball, 34D) Stan Pagnotta scores Scott Janousek to third Jack Bonner to second Runner from 3rd tries for Home, SAFE, no throw
|
Batting: RHB Cam MacIntosh
|
0-0: Ball 1-0: Called Strike 1-1: Swinging Strike 1-2: Strikes out swinging
|
Bottom of the 3rd over - 3 runs, 3 hits, 0 errors, 2 left on base; Echo Park 1 - Quebec City 3 |
TOP OF THE 4TH |
Echo Park Lakers batting - Pitching for Quebec City Les Bleus : LHP Miguel López
|
Batting: RHB Gabriel Maldonado
|
0-0: Foul Ball, location: 2F 0-1: Foul Ball, location: 2F 0-2: Foul Ball, location: 2F 0-2: Foul Ball, location: 2F 0-2: Ball 1-2: Ball 2-2: SOLO HOME RUN (Line Drive, 7D), Distance : 351 ft
|
Batting: RHB Xavier Pérez
|
0-0: Ball 1-0: Ball 2-0: Fly out, F7 (Line Drive, 78D)
|
Batting: RHB Chris Harrell
|
0-0: Foul Ball, location: 2F 0-1: Ball 1-1: Fly out, F7 (Flyball, 78M)
|
Batting: SHB Toby Sutton
|
0-0: Ball 1-0: Foul Ball, location: 2F 1-1: Called Strike 1-2: Ground out 5-3 (Groundball, 56)
|
Top of the 4th over - 1 run, 1 hit, 0 errors, 0 left on base; Echo Park 2 - Quebec City 3 |
BOTTOM OF THE 4TH |
Quebec City Les Bleus batting - Pitching for Echo Park Lakers : LHP Luis Díaz
|
Batting: LHB Palaie Gaoteote
|
0-0: Ball 1-0: Fly out, F8 (Flyball, 8LD)
|
Batting: RHB Reg Spiers
|
0-0: Ball 1-0: Ball 2-0: Ball 3-0: Called Strike 3-1: Fly out, F8 (Flyball, 8RD)
|
Batting: RHB Stan Pagnotta
|
0-0: Ball 1-0: Ball 2-0: SINGLE (Groundball, 34D)
|
Batting: RHB Tevin McTevin
|
0-0: Swinging Strike 0-1: Ball 1-1: Swinging Strike 1-2: Ball 2-2: Ground out 4-3 (Groundball, 4M)
|
Bottom of the 4th over - 0 runs, 1 hit, 0 errors, 1 left on base; Echo Park 2 - Quebec City 3 |
TOP OF THE 5TH |
Echo Park Lakers batting - Pitching for Quebec City Les Bleus : LHP Miguel López
|
Pitching: LHP Yoshi Minamoto
|
|
Batting: RHB Freddy Torres
|
0-0: Ball 1-0: Foul Ball, location: 2F 1-1: Foul Ball, location: 2F 1-2: Ball 2-2: Foul Ball, location: 2F 2-2: Strikes out swinging
|
Batting: SHB Rodolphe Nairn
|
0-0: Ball 1-0: Swinging Strike 1-1: Swinging Strike 1-2: Strikes out swinging
|
Batting: LHB Bartolo Sierra
|
0-0: Ball 1-0: Swinging Strike 1-1: Ground out 5-3 (Groundball, 56)
|
Top of the 5th over - 0 runs, 0 hits, 0 errors, 0 left on base; Echo Park 2 - Quebec City 3 |
BOTTOM OF THE 5TH |
Quebec City Les Bleus batting - Pitching for Echo Park Lakers : LHP Luis Díaz
|
Batting: LHB Scott Janousek
|
0-0: Called Strike 0-1: Ball 1-1: Ball 2-1: Ground out 4-3 (Groundball, 4)
|
Batting: RHB Kameron Guangorena
|
0-0: Ball 1-0: Ball 2-0: Foul Ball, location: 2F 2-1: Foul Ball, location: 2F 2-2: Fly out, F9 (Flyball, 89S)
|
Batting: RHB Jack Bonner
|
0-0: Ball 1-0: Ball 2-0: Called Strike 2-1: Foul Ball, location: 2F 2-2: Strikes out swinging
|
Bottom of the 5th over - 0 runs, 0 hits, 0 errors, 0 left on base; Echo Park 2 - Quebec City 3 |
TOP OF THE 6TH |
Echo Park Lakers batting - Pitching for Quebec City Les Bleus : LHP Yoshi Minamoto
|
Batting: RHB Guillermo Coss
|
0-0: Fly out, F7 (Flyball, 7D)
|
Batting: RHB Félix Romero
|
0-0: Ball 1-0: Called Strike 1-1: Swinging Strike 1-2: Ground out 3-1 (Groundball, 2R)
|
Batting: RHB Gabriel Maldonado
|
0-0: Ball 1-0: Ball 2-0: Foul Ball, location: 2F 2-1: Ground out 1-3 (Groundball, 13)
|
Top of the 6th over - 0 runs, 0 hits, 0 errors, 0 left on base; Echo Park 2 - Quebec City 3 |
BOTTOM OF THE 6TH |
Quebec City Les Bleus batting - Pitching for Echo Park Lakers : LHP Luis Díaz
|
Batting: LHB Jeff Simpson
|
0-0: Called Strike 0-1: Ball 1-1: Foul Ball, location: 2F 1-2: Ball 2-2: Foul Ball, location: 2F 2-2: Ball 3-2: Foul Ball, location: 2F 3-2: Ground out 4-3 (Groundball, 4D)
|
Batting: RHB Cam MacIntosh
|
0-0: Swinging Strike 0-1: Fly out, F7 (Line Drive, 78S)
|
Batting: LHB Palaie Gaoteote
|
0-0: Called Strike 0-1: Ball 1-1: Called Strike 1-2: Foul Ball, location: 2F 1-2: Strikes out swinging
|
Bottom of the 6th over - 0 runs, 0 hits, 0 errors, 0 left on base; Echo Park 2 - Quebec City 3 |
TOP OF THE 7TH |
Echo Park Lakers batting - Pitching for Quebec City Les Bleus : LHP Yoshi Minamoto
|
Batting: RHB Xavier Pérez
|
0-0: Ball 1-0: Called Strike 1-1: Swinging Strike 1-2: Ball 2-2: Strikes out swinging
|
Batting: RHB Chris Harrell
|
0-0: Fly out, F6 (Line Drive, 6)
|
Batting: SHB Toby Sutton
|
0-0: Called Strike 0-1: Ball 1-1: Ball 2-1: Called Strike 2-2: Ground out 5-3 (Groundball, 5)
|
Top of the 7th over - 0 runs, 0 hits, 0 errors, 0 left on base; Echo Park 2 - Quebec City 3 |
BOTTOM OF THE 7TH |
Quebec City Les Bleus batting - Pitching for Echo Park Lakers : LHP Luis Díaz
|
Batting: RHB Reg Spiers
|
0-0: Ball 1-0: Ball 2-0: Called Strike 2-1: Swinging Strike 2-2: Foul Ball, location: 2F 2-2: Strikes out swinging
|
Batting: RHB Stan Pagnotta
|
0-0: Ball 1-0: Called Strike 1-1: Ball 2-1: Fly out, F9 (Flyball, 89S)
|
Batting: RHB Tevin McTevin
|
0-0: Ball 1-0: Foul Ball, location: 2F 1-1: Foul Ball, location: 2F 1-2: Ground out 6-3 (Groundball, 6)
|
Bottom of the 7th over - 0 runs, 0 hits, 0 errors, 0 left on base; Echo Park 2 - Quebec City 3 |
TOP OF THE 8TH |
Echo Park Lakers batting - Pitching for Quebec City Les Bleus : LHP Yoshi Minamoto
|
Now at 1B: Lane McCool
|
|
Batting: RHB Freddy Torres
|
0-0: Called Strike 0-1: Ball 1-1: Ball 2-1: Called Strike 2-2: SINGLE (Groundball, 6MD)
|
Pitching: RHP José Barquero
|
|
Pinch Hitting: RHB Manuel Guillama
|
0-0: Swinging Strike 0-1: Called Strike 0-2: Ball 1-2: Foul Ball, location: 2F 1-2: Foul Ball, location: 2F 1-2: Ball 2-2: Ball 3-2: Foul Ball, location: 2F 3-2: 2-RUN HOME RUN (Flyball, 7LD), Distance : 326 ft
|
Batting: LHB Bartolo Sierra
|
0-0: Ball 1-0: Ball 2-0: Ball 3-0: Called Strike 3-1: Foul Ball, location: 2F 3-2: Foul Ball, location: 2F 3-2: Strikes out swinging
|
Batting: RHB Guillermo Coss
|
0-0: Ground out 6-3 (Groundball, 6)
|
Batting: RHB Félix Romero
|
0-0: Called Strike 0-1: Ball 1-1: Hit by Pitch
|
Batting: RHB Gabriel Maldonado
|
0-0: Called Strike 0-1: Fly out, F7 (Flyball, 78S)
|
Top of the 8th over - 2 runs, 2 hits, 0 errors, 1 left on base; Echo Park 4 - Quebec City 3 |
BOTTOM OF THE 8TH |
Quebec City Les Bleus batting - Pitching for Echo Park Lakers : LHP Luis Díaz
|
Now at 1B: Chris Etheridge
|
|
Now in LF: Orlando Montejo
|
|
Batting: LHB Scott Janousek
|
0-0: Ball 1-0: Called Strike 1-1: Foul Ball, location: 2F 1-2: Ball 2-2: Ball 3-2: Foul Ball, location: 2F 3-2: Fly out, F9 (Line Drive, 9D)
|
Batting: RHB Kameron Guangorena
|
0-0: Ball 1-0: Ball 2-0: Called Strike 2-1: Foul Ball, location: 2F 2-2: Strikes out swinging
|
Batting: RHB Jack Bonner
|
0-0: Ball 1-0: Foul Ball, location: 2F 1-1: Ball 2-1: Ball 3-1: Base on Balls
|
Pitching: RHP Corbin Holling
|
|
Batting: LHB Jeff Simpson
|
0-0: Ground out 4-3 (Groundball, 4)
|
Bottom of the 8th over - 0 runs, 0 hits, 0 errors, 1 left on base; Echo Park 4 - Quebec City 3 |
TOP OF THE 9TH |
Echo Park Lakers batting - Pitching for Quebec City Les Bleus : RHP José Barquero
|
Pitching: RHP Matt Digby
|
|
Batting: RHB Xavier Pérez
|
0-0: Ball 1-0: Called Strike 1-1: Ball 2-1: Fly out, F9 (Flyball, 9LMF)
|
Batting: RHB Chris Harrell
|
0-0: Called Strike 0-1: Ground out 6-3 (Groundball, 6)
|
Batting: SHB Toby Sutton
|
0-0: Ball 1-0: Ball 2-0: Fly out, F7 (Flyball, 7LDF)
|
Top of the 9th over - 0 runs, 0 hits, 0 errors, 0 left on base; Echo Park 4 - Quebec City 3 |
BOTTOM OF THE 9TH |
Quebec City Les Bleus batting - Pitching for Echo Park Lakers : RHP Corbin Holling
|
Pitching: RHP Jeffery Prosser
|
|
Batting: RHB Cam MacIntosh
|
0-0: Foul Ball, location: 2F 0-1: Swinging Strike 0-2: Ball 1-2: Strikes out swinging
|
Batting: RHB Lane McCool
|
0-0: Called Strike 0-1: Swinging Strike 0-2: Ball 1-2: Ball 2-2: Foul Ball, location: 2F 2-2: Strikes out swinging
|
Batting: RHB Reg Spiers
|
0-0: Called Strike 0-1: Ball 1-1: Foul Ball, location: 2F 1-2: Ball 2-2: Foul Ball, location: 2F 2-2: Strikes out swinging
|
Bottom of the 9th over - 0 runs, 0 hits, 0 errors, 0 left on base; Echo Park 4 - Quebec City 3 |
|